 Dungeon Crawl Stone Soup version 0.31-a0-221-gbddc013574 (webtiles) character file.

Game seed: 2583339134393433609

210817 NightmareEGirl the Tortoise (level 19, -2/144 HPs)
             Began as a Human Fighter on July 3, 2023.
             Was the Champion of Hepliaklqana.
             Drowned by a quicksilver ooze (5 damage)
             ... on level 5 of the Pits of Slime on July 4, 2023.
             The game lasted 01:45:09 (28516 turns).

NightmareEGirl the Tortoise (Human Fighter)        Turns: 28516, Time: 01:45:10

Health: -2/144     AC: 33    Str: 22    XL:     19   Next: 58%
Magic:  11/19      EV:  9    Int: 15    God:    Hepliaklqana [******]
Gold:   1806       SH: 12    Dex: 15    Spells: 18/18 levels left

rFire   . . .        Q - +11 demon trident "Fac Enor" {flame, Contam rElec rC+ Int+3}
rCold   + + .        O - +0 kite shield {rC+}
rNeg    + . .        L - +3 crystal plate armour {rC+}
rPois   .            n - +2 hat
rElec   +            D - +2 cloak
rCorr   .            p - +2 pair of gloves
SInv    .            u - +2 pair of boots
Will    +....        i - amulet "Led Niun" {rN+ Regen+ Int+3} Stlth
                     s - +4 ring of protection
HPRegen 1.24/turn    j - +4 ring of protection
MPRegen 0.16/turn

%: random rage (3%)
@: about to teleport, engulfed (cannot breathe), corroded, invisible
A: reduced essence, berserk 1, screaming 2, no potion heal 1, cold vulnerability
1
}: 1/15 runes: decaying
a: Renounce Religion, Recall Ancestor, Ancestor Identity, Transference, Idealise


You were on level 5 of the Pits of Slime.
You worshipped Hepliaklqana.
Hepliaklqana was exalted by your worship.
You visited 6 branches of the dungeon, and saw 32 of its levels.
You also visited: Sewer, Bailey and Ice Cave.

You collected 3190 gold pieces.
You spent 1384 gold pieces at shops.

Inventory:

Hand Weapons
 f - a +3 glaive of electrocution
 P - the +1 bardiche of Victory {freeze, Will++ Int+2}
   (You found it on level 11 of the Dungeon)

   Int:       It affects your intelligence (+2).
   Will:      It greatly increases your willpower.
 Q - the +11 demon trident "Fac Enor" (weapon) {flame, Contam rElec rC+ Int+3}
   (You acquired it on level 11 of the Dungeon)

   Int:       It affects your intelligence (+3).
   rC:        It protects you from cold.
   rElec:     It insulates you from electricity.
   Contam:    It causes magical contamination when unequipped.
Armour
 n - a +2 hat (worn)
 p - a +2 pair of gloves (worn)
 u - a +2 pair of boots (worn)
 D - a +2 cloak (worn)
 J - a +3 plate armour
 L - a +3 crystal plate armour of cold resistance (worn)
 O - a +0 kite shield of cold resistance (worn)
Jewellery
 i - the amulet "Led Niun" (around neck) {rN+ Regen+ Int+3}
   (You bought it in a shop on level 2 of the Orcish Mines)

   [amulet of regeneration]

   Int:       It affects your intelligence (+3).
   rN:        It protects you from negative energy.
   Regen:     It increases your rate of health regeneration.
 j - a +4 ring of protection (right hand)
 s - a +4 ring of protection (left hand)
 t - a +5 ring of evasion
 v - the ring of Bodily Harmony {rF++ Will- rCorr Int+4}
   (You found it on level 10 of the Dungeon)

   [ring of resist corrosion]

   Int:       It affects your intelligence (+4).
   rF:        It greatly protects you from fire.
   rCorr:     It protects you from acid and corrosion.
   Will:      It decreases your willpower.
 y - a ring of protection from cold
 E - a ring of flight
 K - a ring of wizardry
 S - an amulet of the acrobat
 V - a ring of willpower
 X - a ring of ice
Wands
 k - a wand of iceblast (35)
 q - a wand of mindburst (25)
 B - a wand of flame (43)
 C - a wand of polymorph (3)
 F - a wand of digging (19)
 I - a wand of acid (6)
 M - a wand of paralysis (7)
Scrolls
 c - 2 scrolls of silence
 d - 4 scrolls of fog
 l - 5 scrolls of summoning
 o - a scroll of teleportation
 G - 6 scrolls of revelation
 N - 7 scrolls of amnesia
 R - a scroll of brand weapon
 T - a scroll of enchant weapon
 U - 2 scrolls of fear
Potions
 a - 2 potions of magic
 b - a potion of enlightenment
 e - 3 potions of resistance
 g - a potion of curing
 h - 3 potions of lignification
 m - a potion of berserk rage
 r - a potion of haste
 w - 4 potions of brilliance
 x - 4 potions of cancellation
 A - a potion of invisibility
 H - a potion of heal wounds


   Skills:
 + Level 17.0 Fighting
 + Level 16.8 Polearms
 + Level 17.0 Armour
 + Level 13.3 Dodging
 + Level 11.5 Shields


You had 18 spell levels left.
You didn't know any spells.
Your spell library contained the following spells:

 Spells                   Type           Power      Damage    Failure   Level
 Apportation              Tloc           0%         N/A       100%        1
 Kiss of Death            Conj/Necr      0%         2d5       100%        1
 Necrotise                Necr           0%         1d4       100%        1
 Sandblast                Erth           0%         2d4       100%        1
 Summon Small Mammal      Summ           0%         N/A       100%        1
 Blink                    Tloc           0%         N/A       100%        2
 Cigotuvi's Dreadful Rot  Necr/Pois/Air  0%         N/A       100%        2
 Ensorcelled Hibernation  Hex/Ice        0%         N/A       100%        2
 Lesser Beckoning         Tloc           0%         N/A       100%        2
 Momentum Strike          Conj/Tloc      0%         3d8       100%        2
 Passwall                 Tmut/Erth      0%         N/A       100%        2
 Confusing Touch          Hex            0%         N/A       100%        3
 Gell's Gravitas          Tloc           0%         N/A       100%        3
 Ignite Poison            Fire/Tmut/Pois 0%         N/A       100%        3
 Ozocubu's Armour         Ice            0%         N/A       100%        3
 Spider Form              Tmut/Pois      0%         N/A       100%        3
 Stone Arrow              Conj/Erth      0%         3d7       100%        3
 Summon Guardian Golem    Hex/Summ       0%         N/A       100%        3
 Teleport Other           Tloc           0%         N/A       100%        3
 Anguish                  Hex/Necr       0%         N/A       100%        4
 Animate Armour           Summ/Erth      0%         N/A       100%        4
 Animate Dead             Necr           0%         N/A       100%        4
 Dispel Undead            Necr           0%         3d6       100%        4
 Alistair's Intoxication  Tmut/Pois      0%         N/A       100%        5
 Borgnjor's Vile Clutch   Necr/Erth      0%         N/A       100%        5
 Silence                  Hex/Air        0%         N/A       100%        5
 Summon Forest            Summ/Tloc      0%         N/A       100%        5
 Summon Mana Viper        Hex/Summ       0%         N/A       100%        5
 Death Channel            Necr           0%         N/A       100%        6
 Dispersal                Tloc           0%         N/A       100%        6
 Summon Cactus Giant      Summ           0%         N/A       100%        6
 Orb of Destruction       Conj           0%         9d5       100%        7
 Ozocubu's Refrigeration  Ice            0%         4d7       100%        7
 Spellforged Servitor     Conj/Summ      0%         N/A       100%        7
 Borgnjor's Revivificati  Necr           0%         N/A       100%        8
 Lehudib's Crystal Spear  Conj/Erth      0%         10d2      100%        8
 Necromutation            Tmut/Necr      0%         N/A       100%        8
 Death's Door             Necr           0%         N/A       100%        9


Dungeon Overview and Level Annotations

Branches:
Dungeon (15/15) Temple (1/1) D:4 Lair (5/5) D:9 Swamp (4/4) Lair:2 Snake (0/4) Lair:2 Slime (5/5) Lair:4 Orc (2/2) D:10 Elf (0/3) Orc:2 Vaults (0/5) D:13 D:14 Depths (0/4) D:15 Sewer (visited) Bailey (visited) IceCv (visited)

Altars:
Ashenzari
Cheibriados
Dithmenos
Elyvilon
Fedhas
Gozag
Hepliaklqana
Kikubaaqudgha
Makhleb
Nemelex Xobeh
Okawaru
Qazlal
Ru
Sif Muna
Trog
Uskayaw
Vehumet
Wu Jian
Xom
Yredelemnul
Zin
The Shining One
Jiyva

Shops:
D:4 [:=!   D:10 [(   D:12 *   D:15 *   Orc:2 =[**??

Annotations:
D:8 3 runed translucent doors, IYTBazzie's ghost, novice MiCK
Temple 4 transporters
Swamp:4 2 transporters, Virumoce's ghost, adept OpSu


Innate Abilities, Weirdness & Mutations

Your life essence is reduced to manifest your ancestor. (-10% HP)
You sometimes lose your temper in combat.
You frequently scream uncontrollably at your foes.
Potions are less effective at restoring your health.
You are vulnerable to cold. (rC-)


Message History

The stone arrow hits the acid blob!!
The quicksilver ooze hits Septimus!
The quicksilver ooze barely misses Septimus.
An acid blob comes into view.
Septimus hits the acid blob with a +0 lajatang of freezing!!
Septimus freezes the acid blob!
Septimus is burned by acid!
The acid blob spits acid at you. The splash of acid hits you!!
The acid corrodes you!
The acid blob hits Septimus!!!
Septimus is destroyed!
The acid blob hits you!
* * * LOW HITPOINT WARNING * * *
You are splashed with acid.
* * * LOW HITPOINT WARNING * * *
The quicksilver ooze hits you.
The quicksilver ooze hits you but does no damage.
As you read the scroll of fear, it crumbles to dust.
You assume a fearsome visage.
The acid blob resists with almost no effort. x2
The quicksilver ooze is unaffected.
The great orb of eyes resists with almost no effort.
The acid blob resists with almost no effort. x2
The slime creature looks frightened! x2; The quicksilver ooze is unaffected.
A slime creature comes into view. x2
The quicksilver ooze hits you. The quicksilver ooze engulfs you!
The quicksilver ooze hits you but does no damage.
You block the quicksilver ooze's attack.
The quicksilver ooze hits you!
* * * LOW HITPOINT WARNING * * *
You feel your power leaking away. The acid blob spits acid at you.
The splash of acid hits you but does no damage.
An acid blob comes into view.
The acid blob spits acid at you. The splash of acid hits you!
* * * LOW HITPOINT WARNING * * *
The acid corrodes you!
A shining eye comes into view.
You fade into invisibility!
You die...

#....##.......
.#..............
.JJ#.............
G...............
###..............
###................
....J.....J.........
.....J....GJ.........
......J.J...J@J.......
............J.........
......................
......................
......................
.....................
#####.................
###.#...................
##.......................


You could see 5 acid blobs, a great orb of eyes, 4 slime creatures, a shining
eye and 2 quicksilver oozes.

Vanquished Creatures
  Mlioglotl (Swamp:3)
  2 acid blobs
  Frances (D:12)
  4 thorn hunters
  2 azure jellies
  A fenstrider witch (Swamp:4)
  A frost giant (IceCv)
  A stone giant (D:12)
  2 ghouls (Swamp:4)
  4 eleionomae
  2 bunyips
  Snorg (Lair:3)
  A green death (Swamp:4)
  A yaktaur captain (D:12)
  Josephine (D:10)
  9 hydras
  A great orb of eyes (Slime:5)
  2 centaur warriors (D:14)
  3 ogre magi
  3 ghost crabs (Swamp:4)
  A boulder beetle (D:13)
  A spriggan air mage (Swamp:3)
  A tengu warrior (D:14)
  4 alligators
  18 two-headed ogres
  2 death yaks (IceCv)
  Sonja (Lair:3)
  A soul eater (Swamp:4)
  3 skeletal warriors (D:14)
  Amaemon (Lair:3)
  A skyshark (shapeshifter) (D:15)
  3 skysharks
  3 goliath frogs
  2 glowing orange brains
  3 spriggan druids
  4 swamp dragons
  A deep elf pyromancer (D:14)
  2 orc knights
  A deep elf zephyrmancer (Swamp:4)
  A necromancer (Lair:4)
  An orc sorcerer (Swamp:4)
  2 oklob plants
  A manticore (D:12)
  A shining eye (Slime:2)
  5 cyclopes
  4 ugly things
  6 elephants
  4 black mambas
  An orange demon (Swamp:4)
  18 cane toads
  A rime drake (Lair:2)
  A gargoyle (D:14)
  A tengu conjurer (D:14)
  A yaktaur (shapeshifter) (D:15)
  An efreet (D:14)
  3 komodo dragons
  A yaktaur (D:12)
  4 polar bears
  A bloated husk (Swamp:4)
  4 trolls
  6 hornets
  6 tyrant leeches
  6 blink frogs
  7 spriggans
  2 vampires
  19 slime creatures
  A shadow (D:12)
  3 wyverns
  A basilisk (Lair:1)
  4 wraiths
  2 golden eyes
  29 yaks
  10 humans
  A neqoxec (Swamp:4)
  7 redbacks (D:14)
  Grum (D:8)
  A chaos spawn (Swamp:4)
  6 vampire mosquitoes
  5 wargs
  2 nagas (Lair:2)
  11 swamp worms
  6 water moccasins
  An acid dragon (D:14)
  14 orc warriors
  3 swamp drakes
  An ice beast (D:7)
  2 boggarts (D:15)
  21 wolves
  9 centaurs
  A phantom (D:5)
  17 ogres
  6 kobold brigands
  2 gnoll sergeants
  8 bullfrogs
  A necrophage (Swamp:2)
  2 scorpions
  5 wights
  A howler monkey (D:11)
  An electric eel (D:9)
  6 orc priests
  A jelly (D:6)
  2 hounds
  A sleepcap (D:6)
  6 iguanas
  Natasha (twice) (D:4)
  8 orc wizards
  5 polar bear simulacra (Lair:4)
  A wolf simulacrum (Lair:4)
  A yak simulacrum (Lair:4)
  10 gnolls
  4 river rats (Lair:5)
  9 adders
  A white imp (D:5)
  A worm (D:4)
  4 dart slugs
  36 orcs
  8 ball pythons
  5 endoplasms
  11 giant cockroaches
  7 goblins
  12 hobgoblins
  3 jackals (D:1)
  7 quokkas
  4 bats
  2 frilled lizards
  28 kobolds
  4 rats
  2 river rat simulacra (Lair:4)
580 creatures vanquished.

Vanquished Creatures (collateral kills)
  A tentacled monstrosity (Swamp:4)
  2 acid blobs
  A thorn hunter (Swamp:4)
  A fire giant (D:12)
  2 fenstrider witches (Swamp:4)
  2 rockslimes (Slime:1)
  2 ghouls (Swamp:2)
  4 quicksilver oozes
  An eleionoma (Swamp:4)
  3 bunyips
  A blizzard demon (Swamp:4)
  3 hydras
  A shambling mangrove (Swamp:4)
  Harold (D:9)
  A ghost crab (Swamp:2)
  3 centaur warriors
  3 ogre magi
  3 boulder beetles
  4 alligators
  3 two-headed ogres
  3 death yaks (IceCv)
  A soul eater (Swamp:4)
  An orc high priest (Orc:1)
  A skyshark (Lair:4)
  Nergalle (D:9)
  A sixfirhy (Swamp:4)
  4 goliath frogs
  Lodul (D:10)
  3 spriggan druids
  2 swamp dragons
  2 bog bodies (Swamp:3)
  A wizard (Swamp:4)
  An orc knight (Bailey)
  A deep elf zephyrmancer (Swamp:4)
  2 ugly things (D:15)
  2 deep elf pyromancers (D:12)
  3 will-o-the-wisps
  A manticore (D:12)
  A shining eye (Slime:2)
  2 orc sorcerers
  A moth of wrath (Swamp:4)
  Maurice (D:10)
  An ice statue (IceCv)
  3 cyclopes
  A torpor snail (Lair:5)
  9 elephants
  12 cane toads
  A gargoyle (D:11)
  4 rime drakes
  2 orange demons
  Psyche (D:9)
  2 komodo dragons (Lair:5)
  A tengu conjurer (D:14)
  2 trolls (D:12)
  6 hornets
  7 polar bears
  A bloated husk (Swamp:3)
  A tyrant leech (Lair:5)
  10 blink frogs
  14 slime creatures
  2 basilisks
  17 yaks
  6 spriggans
  2 wraiths
  6 humans
  6 vampire mosquitoes
  A chaos spawn (Swamp:4)
  4 wyverns
  2 golden eyes (Slime:3)
  A redback (D:14)
  2 wargs (Orc:1)
  A naga (Lair:2)
  4 water moccasins
  2 swamp worms (Swamp:3)
  11 orc warriors
  A swamp drake (Swamp:4)
  4 black bears
  A boggart (D:15)
  17 wolves
  3 centaurs
  23 ogres
  2 phantoms (D:6)
  A kobold brigand (D:10)
  4 bullfrogs
  A wight (D:10)
  3 howler monkeys
  An electric eel (Orc:1)
  3 orc priests (D:7)
  A hound (D:7)
  2 iguanas
  5 orc wizards
  2 hell rats (Lair:5)
  2 wolf simulacra (Lair:4)
  6 gnolls
  6 river rats (Lair:5)
  A white imp (D:8)
  41 orcs
  A goblin (D:8)
  5 kobolds
359 creatures vanquished.

Vanquished Creatures (others)
  A fenstrider witch (Swamp:4)
  An alligator (Swamp:4)
  An orc sorcerer (Swamp:4)
  A wizard (D:8)
  A hornet (Swamp:4)
  A hellwing (Swamp:4)
  A boggart (D:15)
  35 battlemagi
  An orc wizard (D:10)
  2 ancestors (D:5)
  8 foxfires (Swamp:2)
  2 starspawn tentacles (Swamp:3)
55 creatures vanquished.

Grand Total: 994 creatures vanquished

Notes
Turn   | Place    | Note
-------+----------+-------------------------------------------
     0 | D:1      | NightmareEGirl the Human Fighter began the quest for the
                  | Orb.
     0 | D:1      | Reached XP level 1. HP: 18/18 MP: 1/1
    59 | D:1      | Reached XP level 2. HP: 19/24 MP: 2/2
   289 | D:1      | Reached XP level 3. HP: 22/29 MP: 3/3
   464 | D:1      | Found a faded altar of an unknown god.
   716 | D:2      | Reached XP level 4. HP: 32/35 MP: 4/4
  1103 | D:2      | You fall into a shaft and drop 1 floor!
  1626 | D:3      | Reached XP level 5. HP: 42/42 MP: 5/5
  2139 | D:4      | Reached XP level 6. HP: 8/48 MP: 6/6
  2306 | D:4      | Found Muicorimaz's Book Emporium.
  2306 | D:4      | Found an iron altar of Okawaru.
  2312 | D:4      | Found Virai's Jewellery Shoppe.
  2472 | D:4      | Found a glowing drain.
  2478 | Sewer    | Entered a sewer
  2633 | Sewer    | Reached XP level 7. HP: 46/55 MP: 7/7
  3006 | D:4      | Found Hyqats's Distillery.
  3237 | D:4      | Found a staircase to the Ecumenical Temple.
  3246 | Temple   | Entered the Ecumenical Temple
  3246 | Temple   | Found a transporter.
  3246 | Temple   | Found a transporter.
  3248 | Temple   | Found a transporter.
  3248 | Temple   | Found a transporter.
  3268 | Temple   | Became a worshipper of Hepliaklqana the Forgotten
  3444 | D:4      | Noticed Natasha
  3450 | D:4      | Killed Natasha
  3451 | D:4      | Reached skill level 5 in Fighting
  3451 | D:4      | Reached skill level 5 in Armour
  3561 | D:4      | Noticed Natasha
  3572 | D:4      | Killed Natasha
  3591 | D:4      | Reached skill level 5 in Shields
  3593 | D:4      | Identified the +8 quarterstaff of Eternity {flame, Fly rF+
                  | Stlth+}
  3756 | D:4      | Found Dessiutz's Antique Armour Shoppe.
  3906 | D:5      | Entered Level 5 of the Dungeon
  3913 | D:5      | Reached XP level 8. HP: 58/62 MP: 8/8
  4018 | D:5      | Found a hide-covered altar of Uskayaw.
  4062 | D:5      | Noticed a wyvern
  4080 | D:5      | Killed a wyvern
  4230 | D:5      | Reached * piety under Hepliaklqana
  4367 | D:5      | Found a glowing golden altar of the Shining One.
  4378 | D:5      | Reached skill level 5 in Polearms
  4892 | D:5      | Noticed a yak
  4895 | D:5      | Noticed a yak
  4897 | D:5      | Noticed a yak
  4898 | D:5      | Noticed a yak
  5075 | D:6      | Reached ** piety under Hepliaklqana
  5076 | D:6      | Remembered your ancestor Septimus as a battlemage
  5101 | D:6      | Reached XP level 9. HP: 22/62 MP: 9/9
  5414 | D:6      | Found a white marble altar of Elyvilon.
  5437 | D:6      | Found a stormy altar of Qazlal.
  5989 | D:7      | Found an ornate altar of the Wu Jian Council.
  6023 | D:7      | Identified the +0 leather armour of the Were-rabbit {+Inv}
  6401 | D:8      | Noticed IYTBazzie's ghost (novice MiCK)
  6405 | D:8      | Found a runed translucent gate.
  6405 | D:8      | Found a runed translucent gate.
  6405 | D:8      | Found a runed translucent gate.
  6468 | D:8      | Reached *** piety under Hepliaklqana
  6469 | D:8      | Found a flagged portal.
  6484 | Bailey   | Entered a bailey
  6728 | Bailey   | Reached XP level 10. HP: 38/71 MP: 3/10
  7327 | Bailey   | Noticed an orc knight
  7351 | Bailey   | Killed an orc knight
  7414 | D:8      | Found an opulent altar of Gozag.
  7458 | D:8      | Noticed Grum
  7481 | D:8      | Killed Grum
  7856 | D:8      | Found a bloodstained altar of Trog.
  7859 | D:8      | Noticed a wizard
  7864 | D:8      | Killed a wizard
  8234 | D:9      | Noticed Psyche
  8238 | D:9      | Killed Psyche
  8271 | D:9      | Found a staircase to the Lair.
  8284 | Lair:1   | Entered Level 1 of the Lair of Beasts
  8301 | Lair:1   | Reached XP level 11. HP: 78/78 MP: 11/11
  9114 | Lair:1   | Noticed a seven-headed hydra
  9422 | Lair:1   | Reached skill level 10 in Fighting
  9573 | Lair:1   | Reached skill level 10 in Armour
  9964 | Lair:2   | Noticed an oklob plant
 10010 | Lair:2   | Killed an oklob plant
 10011 | Lair:2   | Reached skill level 10 in Polearms
 10011 | Lair:2   | Reached XP level 12. HP: 88/88 MP: 12/12
 10069 | Lair:2   | Found a staircase to the Snake Pit.
 10195 | Lair:2   | Reached **** piety under Hepliaklqana
 10261 | Lair:2   | Noticed a boulder beetle
 10262 | Lair:2   | Found a staircase to the Swamp.
 10272 | Lair:2   | Killed a boulder beetle
 10790 | Lair:3   | Noticed Snorg
 10790 | Lair:3   | Noticed Amaemon
 10835 | Lair:3   | Reached XP level 13. HP: 96/96 MP: 13/13
 10836 | Lair:3   | Reached skill level 5 in Dodging
 10836 | Lair:3   | Reached XP level 14. HP: 104/104 MP: 14/14
 10874 | Lair:3   | Killed Snorg
 10906 | Lair:3   | Noticed Sonja
 10909 | Lair:3   | Killed Sonja
 11267 | Lair:3   | Killed Amaemon
 11444 | Lair:3   | Reached ***** piety under Hepliaklqana
 12086 | Lair:4   | Found a viscous altar of Jiyva.
 12086 | Lair:4   | Found a staircase to the Slime Pits.
 12738 | Lair:4   | Reached XP level 15. HP: 110/110 MP: 15/15
 12958 | Lair:5   | Entered Level 5 of the Lair of Beasts
 15329 | D:9      | Noticed Harold
 15333 | D:9      | Killed Harold
 15810 | D:9      | Found a radiant altar of Vehumet.
 15944 | D:9      | Found a blossoming altar of Fedhas.
 16296 | D:10     | Entered Level 10 of the Dungeon
 16302 | D:10     | Noticed Maurice
 16306 | D:10     | Noticed Nergalle
 16312 | D:10     | Killed Maurice
 16388 | D:9      | Killed Nergalle
 16445 | D:9      | Upgraded the game from 0.31-a0-219-g8d62b2e7bb to
                  | 0.31-a0-221-gbddc013574
 16486 | D:10     | Noticed Josephine
 16489 | D:10     | Killed Josephine
 16612 | D:10     | Noticed Lodul
 16616 | D:10     | Killed Lodul
 16717 | D:10     | Found a runed translucent door.
 16746 | D:10     | Reached XP level 16. HP: 119/119 MP: 16/16
 16767 | D:10     | Identified the ring of Bodily Harmony {rF++ Will- rCorr
                  | Int+4}
 16896 | D:10     | Found Yniycem's Weapon Shoppe.
 16898 | D:10     | Found a staircase to the Orcish Mines.
 16900 | D:10     | Found Jenkas's Armour Shoppe.
 17098 | D:10     | Found a snail-covered altar of Cheibriados.
 17333 | Orc:1    | Entered Level 1 of the Orcish Mines
 17507 | Orc:1    | Reached ****** piety under Hepliaklqana
 17933 | Orc:2    | Entered Level 2 of the Orcish Mines
 17952 | Orc:2    | Found Bupriobb's Jewellery Shoppe.
 17961 | Orc:2    | Bought the amulet "Led Niun" {rN+ Regen+ Int+3} for 760
                  | gold pieces
 18085 | Orc:2    | Found a frozen archway.
 18121 | IceCv    | Entered an ice cave
 18479 | IceCv    | Noticed a frost giant
 18531 | IceCv    | Killed a frost giant
 18939 | Orc:2    | Found Fuoseu's Assorted Antiques.
 18939 | Orc:2    | Found Poage's Magic Scroll Shop.
 18939 | Orc:2    | Found Abac's Armour Boutique.
 18939 | Orc:2    | Found Luwaghe's Assorted Antiques.
 18944 | Orc:2    | Reached skill level 10 in Dodging
 19058 | Orc:2    | Paralysed by an ogre mage for 4 turns
 19113 | Orc:1    | Paralysed by an ogre mage for 5 turns
 19192 | Orc:2    | Reached skill level 15 in Fighting
 19195 | Orc:2    | Reached skill level 15 in Armour
 19218 | Orc:2    | Bought a scroll of summoning for 123 gold pieces
 19218 | Orc:2    | Bought a scroll of summoning for 123 gold pieces
 19218 | Orc:2    | Bought a scroll of teleportation for 39 gold pieces
 19218 | Orc:2    | Bought a scroll of teleportation for 39 gold pieces
 19218 | Orc:2    | Bought a scroll of brand weapon for 123 gold pieces
 19218 | Orc:2    | Bought a scroll of teleportation for 39 gold pieces
 19289 | Orc:2    | Found a staircase to the Elven Halls.
 19714 | Orc:2    | Found Cezage's Magic Scroll Shoppe.
 19717 | Orc:2    | Bought a scroll of identify for 24 gold pieces
 19717 | Orc:2    | Bought a scroll of identify for 24 gold pieces
 19717 | Orc:2    | Bought a scroll of enchant armour for 90 gold pieces
 19857 | D:11     | Identified the +1 ring mail of Oligomyuze {Dex+5}
 19862 | D:11     | Identified the +1 bardiche of Victory {freeze, Will++
                  | Int+2}
 19865 | D:11     | Identified a scroll of acquirement
 19870 | D:11     | Acquired the +11 demon trident "Fac Enor" {flame, Contam
                  | rElec rC+ Int+3}
 20121 | D:11     | Identified the +2 robe "Reoxkaa" {rElec rC+ Will- Str+2}
 20611 | D:12     | Found a runed translucent door.
 20617 | D:12     | Reached XP level 17. HP: 118/127 MP: 17/17
 20770 | D:12     | Identified the +7 great sword of the Shifting Gods {flame,
                  | rElec Will+ rCorr}
 20779 | D:12     | Reached skill level 15 in Polearms
 20903 | D:12     | Found Sumodoc's General Store.
 20930 | D:12     | Noticed Frances
 20940 | D:12     | Killed Frances
 21758 | D:13     | Found a stormy altar of Qazlal.
 22003 | D:14     | Found a gate to the Vaults.
 22443 | D:14     | Found a gate leading to a gauntlet.
 22562 | D:14     | Found a burning altar of Makhleb.
 22748 | D:15     | Entered Level 15 of the Dungeon
 22887 | D:15     | Found a staircase to the Depths.
 23202 | D:15     | Got the Tome of Polluted Anemomancy
 23315 | D:15     | Found a shimmering blue altar of Sif Muna.
 23469 | D:15     | Found Zailain's Changing Room.
 23995 | Swamp:1  | Entered Level 1 of the Swamp
 24323 | Swamp:1  | Noticed a thorn hunter
 24334 | Swamp:1  | Killed a thorn hunter
 24335 | Swamp:1  | Reached XP level 18. HP: 135/135 MP: 18/18
 24905 | Swamp:2  | Identified the +8 hand axe "Muuj" {flame, MP-9 Str+3 Dex+3
                  | SInv}
 25287 | Swamp:3  | Reached skill level 10 in Shields
 25942 | Swamp:3  | Noticed Mlioglotl
 25944 | Swamp:3  | Noticed a bone dragon
 25949 | Swamp:3  | Noticed a hellephant
 26214 | Swamp:3  | Killed Mlioglotl
 26272 | Swamp:4  | Entered Level 4 of the Swamp
 27057 | Swamp:4  | Paralysed by a fenstrider witch for 3 turns
 27123 | Swamp:4  | Found a bloodstained altar of Trog.
 27123 | Swamp:4  | Noticed Virumoce's ghost (adept OpSu)
 27143 | Swamp:4  | Found a transporter.
 27146 | Swamp:4  | Found a transporter.
 27222 | Swamp:4  | Noticed a tentacled monstrosity
 27236 | Swamp:4  | Killed a tentacled monstrosity
 27272 | Swamp:4  | Reached XP level 19. HP: 81/143 MP: 19/19
 27674 | Swamp:4  | Got a decaying rune of Zot
 27732 | Swamp:4  | Paralysed by a fenstrider witch for 3 turns
 27947 | Slime:1  | Entered Level 1 of the Pits of Slime
 28092 | Slime:2  | Gained mutation: You occasionally shout uncontrollably at
                  | your foes. [a shining eye]
 28269 | Slime:2  | Gained mutation: Potions are less effective at restoring
                  | your health. [a shining eye]
 28272 | Slime:2  | Gained mutation: Your spells are a little easier to cast,
                  | but a little less powerful. [a shining eye]
 28275 | Slime:2  | Lost mutation: Your spells are a little easier to cast, but
                  | a little less powerful. [a shining eye]
 28276 | Slime:2  | Gained mutation: You sometimes lose your temper in combat.
                  | [a shining eye]
 28278 | Slime:2  | Gained mutation: You frequently scream uncontrollably at
                  | your foes. [a shining eye]
 28280 | Slime:2  | Gained mutation: You are vulnerable to cold. (rC-) [a
                  | shining eye]
 28490 | Slime:5  | Entered Level 5 of the Pits of Slime
 28515 | Slime:5  | HP: 3/144 [acid blob/splash of acid (16)]
 28516 | Slime:5  | Drowned by a quicksilver ooze

Illustrated notes

Levels and vault maps discovered:
D:1:      amcnicky_arrival_single_pillar, layout_rooms, basic_ecumenical_altar
D:2:      layout_loops_ring, guppyfry_early_orc_mine
D:3:      layout_basic
D:4:      layout_basic, okawaru_gym_becter, minmay_temple_entry_trees,
          serial_shops, kennysheep_mini_moat, nicolae_shop_tiny_glass,
          nicolae_take_the_stairs, nicolae_shop_gaudy_bauble,
          gup_sewer_entry_bubbles, uniq_natasha
D:5:      layout_basic, lemuel_crystal_altar, mainiacjoe_overflow_paths
D:6:      minmay_klotski, layout_rooms, mainiacjoe_overflow_tiny_flanked,
          general_overflow_altar, kennysheep_generic_room_14
D:7:      layout_basic, nicolae_wu_jian_wuxing_cycle
D:8:      layout_loops_ring, trog_wizard, mainiacjoe_overflow_alcove_4,
          enter_bailey_3, gammafunk_ghost_split,
          nicolae_ossuary_entry_false_entrances, uniq_grum
D:9:      layout_cave_pods, fedhas_altar_fruit_tree, nicolae_vehumet_radiance,
          dpeg_oklobed_lair, lightli_minifort, uniq_harold, uniq_psyche
D:10:     layout_loops_ring, kennysheep_slug_shrine, orc_david_3,
          grunt_decor_mini_mirrors, minmay_st_funbox, uniq_lodul, uniq_nergalle,
          uniq_maurice, uniq_josephine
D:11:     layout_roguey, nicolae_titane
D:12:     layout_rooms, serial_shops, nicolae_shop_stone, minivault_13,
          uniq_frances
D:13:     layout_loops_ring, grunt_qazlal_clouds
D:14:     layout_rooms, david_vaults_3, gauntlet_entry_generic, drop_trap,
          makhleb_altar_promises_db
D:15:     gammafunk_enter_depths_forms, layout_loops_ring,
          nicolae_sif_muna_condensation, nicolae_transmutations_shop
Temple:   hellmonk_temple_divided_pantheon
Lair:1:   layout_roguey
Lair:2:   layout_gridlike, swamp_mist, minmay_snake_entry_guardpost_small,
          columned_hall_lemuel, infiniplex_staircase_pool
Lair:3:   layout_cellular_growth, uniq_snorg, uniq_amaemon, uniq_sonja
Lair:4:   nzn_winding_woodlands_huge [nzn_winding_woodlands_5x15_default,
          nzn_winding_woodlands_5x15_pathside_ponds,
          nzn_winding_woodlands_5x15_default,
          nzn_winding_woodlands_5x15_pockets,
          nzn_winding_woodlands_5x15_lazy_stream,
          nzn_winding_woodlands_5x15_default, nzn_winding_woodlands_5x15_pool,
          nzn_winding_woodlands_5x15_twine,
          nzn_winding_woodlands_5x15_longhouse,
          nzn_winding_woodlands_5x15_crooked,
          nzn_winding_woodlands_center_lodge,
          nzn_winding_woodlands_center_garden,
          nzn_winding_woodlands_15x15_boxy_spiral], layout_small_grid,
          slime_entry_1, eino_house_with_fridge
Lair:5:   minmay_lair_end_frog_pond, layout_regular_city, kennysheep_rathole
Swamp:1:  nicolae_swamp_ascending_descending_big, layout_basic_swamp,
          nicolae_swamp_orc_logging_accident, infiniplex_staircase_pool_2
Swamp:2:  layout_basic_swamp, evilmike_swamp_ruin_house_5, swamp_pool3
Swamp:3:  layout_basic_swamp, hangedman_swamp_cone, swamp_pool1,
          st_swamp_ruins_3, uniq_mlioglotl
Swamp:4:  nzn_swamp_witches_coven, layout_basic_swamp,
          gammafunk_ghost_wrathful_warriors, swamp_pool5,
          hangedman_swamp_diagram
Slime:1:  layout_caves
Slime:2:  layout_caves
Slime:3:  layout_caves
Slime:4:  layout_caves, cheibrodos_slime_lost_civilization_6
Slime:5:  slime_pit_nicolae_royal_road_to_ruin
Orc:1:    layout_caves, nicolae_orc_damp_corner, nooodl_orcs_dogs
Orc:2:    st_orc_ogre_mass, layout_caves, serial_shops, nicolae_shop_rolled_up,
          shop, enter_volcano_1, portal_ice_cave_entry_pillars_1, mines3_lemuel

Skill      XL: |  1  2  3  4  5  6  7  8  9 10 11 12 13 14 15 16 17 18 19 |
---------------+----------------------------------------------------------+-----
Polearms       | 3 4 5 6 8 10 11 12 13 14 15 16 | 16.8
Fighting       | 4 5 6 7 8 10 11 12 13 14 15 16 17 | 17.0
Armour         | 4 5 6 7 8 10 11 12 14 15 16 17 | 17.0
Shields        | 4 5 6 7 9 10 11 | 11.5
Dodging        | 3 5 6 9 10 11 12 13 | 13.3

Action                     |  1- 3 |  4- 6 |  7- 9 | 10-12 | 13-15 | 16-18 | 19-21 || total
---------------------------+-------+-------+-------+-------+-------+-------+-------++-------
  Melee: Trident           |    86 |       |       |       |       |       |       ||    86
         Spear             |    28 |   206 |   412 |    44 |       |       |       ||   690
         Glaive            |       |       |       |   146 |   304 |   258 |       ||   708
         Unarmed           |       |       |       |       |     5 |       |       ||     5
         Demon trident     |       |       |       |       |       |   705 |   132 ||   837
 Invoke: Ancestor Life: Ba |       |       |     1 |       |       |       |       ||     1
         Recall Ancestor   |       |       |       |     1 |       |     2 |       ||     3
    Use: Potion            |       |     1 |     1 |     4 |    12 |     9 |     2 ||    29
         Scroll            |       |       |     4 |    16 |    16 |    22 |     4 ||    62
   Stab: Distracted        |       |       |     7 |     1 |     3 |    14 |     1 ||    26
         Confused          |       |       |       |       |       |     2 |       ||     2
 Armour: Scale mail        |    71 |    90 |    36 |       |       |       |       ||   197
         Chain mail        |       |       |   104 |       |       |       |       ||   104
         Plate armour      |       |       |    52 |   219 |   353 |   164 |       ||   788
         Skin              |       |       |       |       |    68 |       |       ||    68
         Crystal plate arm |       |       |       |       |       |   690 |   180 ||   870
  Dodge: Dodged            |    60 |    66 |   115 |    88 |   406 |   527 |    56 ||  1318
  Block: Buckler           |    22 |    35 |   104 |    12 |       |       |       ||   173
         Kite shield       |       |       |       |       |       |   339 |    43 ||   382

Table legend: (Time is in decaauts)
 A = Elapsed time spent in this place.
 B = Non-inter-level travel time spent in this place.
 C = Inter-level travel time spent in this place.
 D = Time resting spent in this place.
 E = Time spent auto-exploring this place.
 F = Levels seen in this place.
 G = Mean time per level.
                   A        B        C        D        E       F      G
               +--------+--------+--------+--------+--------+-----+--------+
         Total |  28877 |  28239 |    638 |   5850 |  13994 |  35 |  825.1 |
       Dungeon |  13098 |  12767 |    331 |   1401 |   7623 |  15 |  873.2 |
        Temple |     42 |     42 |      0 |      0 |      0 |   1 |   42.0 |
          Lair |   7371 |   7237 |    134 |   2088 |   3223 |   5 | 1474.2 |
         Swamp |   4003 |   3906 |     97 |   1376 |   1379 |   4 | 1000.8 |
    Slime Pits |    529 |    529 |      0 |    125 |    203 |   5 |  105.8 |
  Orcish Mines |   1699 |   1623 |     76 |     80 |   1008 |   2 |  849.5 |
         Sewer |    449 |    449 |      0 |      0 |    211 |   1 |  449.0 |
        Bailey |    877 |    877 |      0 |    687 |      2 |   1 |  877.0 |
      Ice Cave |    807 |    807 |      0 |     91 |    345 |   1 |  807.0 |
               +--------+--------+--------+--------+--------+-----+--------+

Top non-repeatable levels by time:
  Lair:4: 1961 daAuts
  Lair:5: 1641 daAuts
  Lair:1: 1564 daAuts
     D:4: 1362 daAuts
     D:9: 1330 daAuts
 Swamp:3: 1264 daAuts
 Swamp:4: 1226 daAuts
  Lair:2: 1208 daAuts
    D:10: 1059 daAuts
   Orc:2: 1022 daAuts
  Lair:3: 994 daAuts
     D:3: 993 daAuts
    D:15: 981 daAuts
     D:5: 966 daAuts
     D:8: 879 daAuts
